 Dungeon Crawl Stone Soup version 0.24-a0-370-g78e9d4e317 (webtiles) character file.

Game seed: 13390814612249182906

24880 Holzbalken the Spear-Bearer (level 12, -7/97 HPs)
             Began as a Demonspawn Gladiator on May 30, 2019.
             Was an Elder of Qazlal.
             Mangled by Donald
             ... wielding a +0 scimitar of electrocution
              (9 damage)
             ... on level 4 of the Lair of Beasts.
             The game lasted 01:05:35 (16236 turns).

Holzbalken the Spear-Bearer (Demonspawn Gladiator) Turns: 16236, Time: 01:05:36

Health: -7/97      AC: 23    Str: 22    XL:     12   Next: 84%
Magic:  15/15      EV:  8    Int: 11    God:    Qazlal [****..]
Gold:   577        SH:  5    Dex: 14    Spells: 11/11 levels left

rFire    . . .     SeeInvis .   c - +3 scythe (freeze)
rCold    + . .     Gourm    .   (shield currently unavailable)
rNeg     . . .     Faith    .   r - +1 plate armour
rPois    .         Spirit   .   (helmet restricted)
rElec    .         Reflect  .   (no cloak)
rCorr    .         Harm     .   J - +0 pair of gloves
MR       .....                  h - +0 pair of boots
Stlth    ..........             (no amulet)
HPRegen  0.26/turn              C - ring of protection from cold
MPRegen  0.14/turn              w - +3 ring of strength

@: sanguine armour, starving, repel missiles
A: antennae 1, spiny 3, sanguine armour 1
a: Upheaval, Elemental Force, Renounce Religion


You were on level 4 of the Lair of Beasts.
You worshipped Qazlal.
Qazlal was greatly pleased with you.
You were starving.

You visited 4 branches of the dungeon, and saw 15 of its levels.

You collected 747 gold pieces.
You spent 170 gold pieces at shops.

Inventory:

Hand Weapons
 c - a +3 scythe of freezing (weapon)
 t - a +4 trident
 E - a +0 glaive
Missiles
 d - 4 throwing nets (quivered)
Armour
 h - a +0 pair of boots (worn)
 r - a +1 plate armour (worn)
 z - a +2 chain mail of poison resistance
 J - a +0 pair of gloves (worn)
Jewellery
 w - a +3 ring of strength (right hand)
 y - an uncursed ring of magical power
 C - a ring of protection from cold (left hand)
 L - an uncursed amulet of magic regeneration {unknown}
Wands
 g - a wand of disintegration (12)
 i - a wand of enslavement (13)
 s - a wand of flame (35)
 u - a wand of polymorph (5)
Scrolls
 b - 3 scrolls of enchant armour
 j - 8 scrolls of remove curse
 k - 3 scrolls of fear
 l - 5 scrolls of identify
 o - a scroll of magic mapping {unknown}
 q - 2 scrolls of blinking
 D - a scroll of immolation {unknown}
 I - 4 scrolls of teleportation
Potions
 a - 3 potions of brilliance
 e - 2 potions of haste {unknown}
 m - 2 potions of agility {unknown}
 n - a potion of berserk rage {unknown}
 v - 7 potions of curing
 x - 2 potions of lignification
 A - a potion of invisibility
 B - 3 potions of mutation
 F - a potion of ambrosia {unknown}
 G - a potion of heal wounds
 H - 2 potions of flight {unknown}
 K - a potion of magic {unknown}
Miscellaneous
 p - a crystal ball of energy
Comestibles
 f - 43 rations


   Skills:
 + Level 10.2 Fighting
 * Level 14.8 Polearms
 - Level 1.7 Throwing
 + Level 9.1 Armour
 - Level 2.6 Dodging
 - Level 4.0 Invocations


You had 11 spell levels left.
You didn't know any spells.
Your spell library contained the following spells:

 Spells                   Type           Power        Failure   Level  Hunger
 Sting                    Conj/Pois      #...         99%         1    ##.....
 Summon Small Mammal      Summ           #...         99%         1    ##.....
 Call Imp                 Summ           #.......     100%        2    ###....
 Poisonous Vapours        Pois/Air       #.....       100%        2    ###....
 Call Canine Familiar     Summ           #.......     100%        3    ####...
 Gell's Gravitas          Tloc           #.........   100%        3    ####...
 Mephitic Cloud           Conj/Pois/Air  #.......     100%        3    ####...
 Portal Projectile        Hex/Tloc       #.....       100%        3    ####...
 Summon Guardian Golem    Hex/Summ       #.......     100%        3    ####...
 Force Lance              Conj/Tloc      #.......     100%        4    #####..
 Olgreb's Toxic Radiance  Pois           #.......     100%        4    #####..
 Summon Ice Beast         Ice/Summ       #.......     100%        4    #####..
 Summon Lightning Spire   Summ/Air       #.......     100%        4    #####..
 Venom Bolt               Conj/Pois      #.........   100%        5    ######.
 Dispersal                Tloc           #.........   100%        6    #######
 Controlled Blink         Tloc           N/A          100%        8    #######
 Disjunction              Tloc           #.........   100%        8    #######


Dungeon Overview and Level Annotations

Branches:
Dungeon (9/15)             Temple (1/1) D:5            Lair (4/6) D:9
  Swamp (1/4) Lair:4        Snake (0/4) Lair:3
    Orc: D:9-12

Altars:
Ashenzari
Cheibriados
Dithmenos
Elyvilon
Fedhas
Gozag
Hepliaklqana
Kikubaaqudgha
Makhleb
Nemelex Xobeh
Okawaru
Qazlal
Ru
Sif Muna
Trog
Uskayaw
Vehumet
Wu Jian
Xom
Yredelemnul
Zin
The Shining One

Shops:
D:4 !   D:6 %

Annotations:
Lair:4 Donald


Innate Abilities, Weirdness & Mutations

You have a pair of small antennae on your head.
You are completely covered in sharp spines.
When seriously injured, your bleeding wounds create armour. (AC +6)


Message History

Donald is lightly wounded.
Donald is struck by your spines. Donald hits you but does no damage. x2
You barely miss Donald.
Donald is lightly wounded.
Donald closely misses you. You block Donald's attack.
Donald blocks your attack.
Donald is lightly wounded.
You block Donald's attack.
You slash Donald! You freeze Donald.
Donald is moderately wounded.
Donald hits you but does no damage.
You are electrocuted!
Donald hits you with a +0 scimitar of electrocution!!
* * * LOW HITPOINT WARNING * * *
You are electrocuted!
* * * LOW HITPOINT WARNING * * *
You feel much better.
Donald hits you with a +0 scimitar of electrocution!!
* * * LOW HITPOINT WARNING * * *
You are electrocuted!
You die...

###....#....# ##...........## #
............###............######
.................................
.........###..♣♣...........P.....
.#.P###..# #.♣≈♣♣♣♣.^.......P###.
.#####...# #♣♣♣§.≈♣♣..###...## ##
.# #P..# ♣♣§§.§≈♣≈.#.#P...# .##
#P..# #♣≈§@§§°≈♣..###...# ..#
##..###≈≈§§@§≈≈♣♣♣###..## .##
#.P##≈≈≈§§°§≈≈≈♣ #...## .##
##..P#♣♣≈°≈§≈≈♣♣♣####...# ..#
#...###♣≈♣≈≈≈♣♣..#.##..P# ..#
#P..P#P..♣♣♣♣♣♣.##.....##### .##
#........♣ ♣.............. ##
####...### #♣#.###..P###.# ###.#
### ##### ### ###


You could see Donald.

Vanquished Creatures
  4 hydras
  6 death yaks
  Pikel (D:6)
  3 elephants
  2 black mambas (Lair:3)
  5 spiny frogs
  A komodo dragon (Lair:3)
  A polar bear (Lair:2)
  A queen bee (Lair:3)
  Prince Ribbit (D:6)
  Grinder (D:3)
  2 dream sheep (D:9)
  4 hippogriffs
  Sigmund (D:4)
  16 yaks
  A hungry ghost (D:7)
  A steam dragon (D:7)
  2 basilisks
  5 vampire mosquitoes (Lair:4)
  5 nagas (Lair:3)
  Edmund (D:6)
  3 wargs (D:9)
  13 water moccasins
  9 porcupines
  An orc warrior (D:6)
  A black bear (D:9)
  A slave (D:6)
  An ice beast (D:6)
  An eye of draining (D:7)
  2 necrophages (D:9)
  6 ogres
  3 wolves (Lair:3)
  2 centaurs
  8 crocodiles
  3 big kobolds (D:9)
  10 bullfrogs
  3 scorpions
  20 killer bees
  An electric eel (Lair:4)
  A howler monkey (D:7)
  4 crimson imps
  A bullfrog zombie (D:7)
  4 hounds
  2 quasits
  2 jellies
  3 human zombies (D:9)
  7 orc priests
  11 orc wizards
  A human skeleton (D:9)
  An iguana (D:7)
  Terence (D:3)
  Ijyb (D:3)
  6 hell rats
  5 worker ants
  A killer bee zombie (D:8)
  An ogre skeleton (D:9)
  A hound zombie (D:7)
  A hound skeleton (D:4)
  2 mummies (D:9)
  A worker ant zombie (D:5)
  Robin (D:4)
  3 gnolls (D:5)
  11 adders
  8 river rats (Lair:2)
  2 shadow imps (D:5)
  An ooze (D:4)
  An adder zombie (D:5)
  7 worms
  4 dart slugs
  4 leopard geckos
  44 orcs
  3 ball pythons (D:3)
  5 bats
  3 giant cockroaches
  15 hobgoblins
  3 jackals
  7 kobolds
  3 quokkas
  6 frilled lizards
  25 goblins
  An orc skeleton (D:9)
  2 orc zombies (D:9)
  A quokka skeleton (D:7)
  18 rats
  A butterfly (Lair:1)
  A fungus (Lair:4)
  A plant (Lair:4)
390 creatures vanquished.

Vanquished Creatures (others)
  An orc wizard (D:5)
1 creature vanquished.

Grand Total: 391 creatures vanquished

Notes
Turn   | Place    | Note
-------+----------+-------------------------------------------
     0 | D:1      | Holzbalken the Demonspawn Gladiator began the quest for the
                  | Orb.
     0 | D:1      | Reached XP level 1. HP: 16/16 MP: 1/1
    82 | D:1      | Reached skill level 3 in Polearms
   418 | D:1      | Gained mutation: You are partially covered in sharp spines.
                  | [demonic ancestry]
   418 | D:1      | Reached XP level 2. HP: 22/22 MP: 2/2
  1199 | D:2      | Gained mutation: When seriously injured, your bleeding
                  | wounds create armour. (AC +6) [demonic ancestry]
  1199 | D:2      | Reached XP level 3. HP: 17/27 MP: 3/3
  1481 | D:2      | Found an ornate altar of the Wu Jian Council.
  1659 | D:2      | Reached skill level 4 in Polearms
  2209 | D:2      | Reached XP level 4. HP: 33/33 MP: 4/4
  2550 | D:3      | Noticed Terence
  2564 | D:3      | Killed Terence
  2564 | D:3      | Reached skill level 5 in Polearms
  2624 | D:3      | Reached XP level 5. HP: 23/38 MP: 5/5
  2762 | D:3      | Noticed Grinder
  2793 | D:3      | Paralysed by Grinder for 5 turns
  2805 | D:3      | Killed Grinder
  2805 | D:3      | Reached skill level 6 in Polearms
  2805 | D:3      | Reached XP level 6. HP: 8/44 MP: 6/6
  3350 | D:3      | Found an ancient bone altar of Kikubaaqudgha.
  3575 | D:3      | Noticed Ijyb
  3590 | D:3      | Killed Ijyb
  3814 | D:4      | Reached skill level 7 in Polearms
  3960 | D:4      | Gained mutation: You have a pair of small antennae on your
                  | head. [demonic ancestry]
  3960 | D:4      | Reached XP level 7. HP: 50/50 MP: 7/7
  4150 | D:4      | Found a shimmering altar of Xom.
  4150 | D:4      | Found an opulent altar of Gozag.
  4231 | D:4      | Found Mirreh's Distillery.
  4360 | D:4      | Noticed Robin
  4377 | D:4      | Killed Robin
  4398 | D:4      | Bought 2 potions of mutation for 160 gold pieces
  4398 | D:4      | Bought a potion of degeneration for 10 gold pieces
  4441 | D:4      | Reached skill level 8 in Polearms
  4630 | D:4      | Noticed Sigmund
  4661 | D:4      | Killed Sigmund
  4990 | D:5      | Entered Level 5 of the Dungeon
  5088 | D:5      | Gained mutation: You are mostly covered in sharp spines.
                  | [demonic ancestry]
  5088 | D:5      | Reached XP level 8. HP: 56/56 MP: 8/8
  5193 | D:5      | Found a snail-covered altar of Cheibriados.
  5241 | D:5      | Reached skill level 9 in Polearms
  5241 | D:5      | Reached skill level 1 in Armour
  5378 | D:5      | Found a staircase to the Ecumenical Temple.
  5382 | Temple   | Entered the Ecumenical Temple
  5389 | Temple   | Became a worshipper of Qazlal Stormbringer
  5596 | D:5      | Found a radiant altar of Vehumet.
  5915 | D:6      | Found Ympoif's Food Shoppe.
  6041 | D:6      | Noticed Edmund
  6045 | D:6      | Killed Edmund
  6098 | D:6      | Noticed Prince Ribbit
  6099 | D:6      | Found a shadowy altar of Dithmenos.
  6102 | D:6      | Killed Prince Ribbit
  6325 | D:6      | Noticed Pikel
  6337 | D:6      | Killed Pikel
  6337 | D:6      | Reached skill level 10 in Polearms
  6337 | D:6      | Gained mutation: You are completely covered in sharp
                  | spines. [demonic ancestry]
  6337 | D:6      | Reached XP level 9. HP: 60/66 MP: 9/9
  6675 | D:6      | Reached skill level 1 in Invocations
  7179 | D:7      | Reached skill level 5 in Fighting
  7534 | D:7      | Reached * piety under Qazlal
  8386 | D:8      | Noticed a seven-headed hydra
  8454 | D:8      | Reached skill level 11 in Polearms
  8721 | D:8      | Killed a seven-headed hydra
  8721 | D:8      | Reached skill level 5 in Armour
  8721 | D:8      | Reached XP level 10. HP: 59/76 MP: 13/13
  9057 | D:9      | Found an ornate altar of the Wu Jian Council.
  9096 | D:9      | Reached ** piety under Qazlal
  9725 | D:9      | Noticed a three-headed hydra
  9734 | D:9      | Killed a three-headed hydra
  9734 | D:9      | Reached skill level 12 in Polearms
 10436 | D:9      | Found a staircase to the Lair.
 10651 | D:9      | Found a burning altar of Makhleb.
 10655 | D:9      | Found a glowing golden altar of the Shining One.
 10658 | D:9      | Found a sparkling altar of Nemelex Xobeh.
 10851 | D:9      | Found a basalt altar of Yredelemnul.
 10864 | D:9      | Reached XP level 11. HP: 84/84 MP: 14/14
 10977 | Lair:1   | Entered Level 1 of the Lair of Beasts
 11315 | Lair:1   | Noticed an eight-headed hydra
 11332 | Lair:1   | Killed an eight-headed hydra
 11332 | Lair:1   | Reached *** piety under Qazlal
 12033 | Lair:2   | Reached skill level 13 in Polearms
 12098 | Lair:2   | Noticed a death yak
 12100 | Lair:2   | Noticed a death yak
 12308 | Lair:1   | Killed a death yak
 12315 | Lair:1   | Killed a death yak
 12529 | Lair:2   | Noticed a death yak
 12530 | Lair:2   | Noticed a death yak
 12544 | Lair:2   | Noticed a death yak
 12547 | Lair:2   | Noticed a death yak
 12550 | Lair:2   | Killed a death yak
 12566 | Lair:1   | Killed a death yak
 12894 | Lair:1   | Killed a death yak
 13134 | Lair:1   | Killed a death yak
 13250 | Lair:2   | Reached XP level 12. HP: 60/95 MP: 15/15
 13660 | Lair:2   | Reached **** piety under Qazlal
 14097 | Lair:3   | Reached skill level 14 in Polearms
 14948 | Lair:3   | Found a staircase to the Snake Pit.
 15166 | Lair:3   | Reached skill level 10 in Fighting
 15654 | Lair:4   | Noticed a four-headed hydra
 15665 | Lair:4   | Killed a four-headed hydra
 15734 | Lair:4   | Found a staircase to the Swamp.
 16219 | Swamp:1  | Entered Level 1 of the Swamp
 16223 | Swamp:1  | Noticed Donald
 16236 | Lair:4   | HP: 2/97 [Donald/+0 scimitar of electrocution (31)]
 16236 | Lair:4   | Mangled by Donald

Levels and vault maps discovered:
D:1:      evilmike_arrival_home_sweet_home, layout_basic,
          minmay_misc_feat_square, minmay_misc_feat_doors, glass_columns_a
D:2:      minmay_chambers_of_twos, layout_basic, lemuel_round_altar,
          minmay_goblin_outpost
D:3:      wad_river_or_something, layout_loops_ring, overflow_temple_1_default,
          first_ration, minmay_misc_feat_alley, chequers_serial_rivers_marsh,
          minmay_pentangle, uniq_terence, uniq_ijyb, uniq_grinder
D:4:      layout_loops_ring, gammafunk_temple_overflow_elements, serial_shops,
          shop_fountains, kennysheep_generic_room_16, uniq_robin, uniq_sigmund
D:5:      layout_basic, cheibrodos_worm_habitat, overflow_temple_1_default,
          minmay_temple_entry_glassed_door, grunt_ministairs_10,
          minmay_fractal_squares_5
D:6:      layout_gridville, serial_shops, nicolae_shop_crystal,
          grunt_dithmenos_smoke, uniq_pikel, uniq_edmund, uniq_prince_ribbit1
D:7:      layout_layer_cave
D:8:      layout_loops_ring
D:9:      layout_long_grid, lemuel_mausoleum_altar_yredelemnul,
          minmay_overflow_temple_star_quad, erik_lair_orcish_takeover,
          basic_altar, hangedman_ranch [blue_anna_fruit_fields]
Temple:   nicolae_temple_no_exploring_needed
Lair:1:   layout_regular_city, beast_lair_carwin_8, lemuel_fruit_fields,
          grunt_megastairs_5, lemuel_fruit_tree, infiniplex_staircase_pool_2
Lair:2:   layout_long_grid, chequers_serial_rivers_micro_d,
          kennysheep_abandoned_house, grunt_megastairs_2, lemuel_fruit_fields
Lair:3:   layout_hall_layers, minmay_snake_entry_guardpost_medium, special_room
          [special_room_bee], st_stairs_5, infiniplex_staircase_pool
Lair:4:   layout_small_grid, minmay_swamp_entry_swarm, columned_hall_lemuel,
          st_stairs_9
Swamp:1:  layout_basic_swamp, evilmike_swamp_ruin_house_5, uniq_donald,
          uniq_frances

Skill      XL: |  1  2  3  4  5  6  7  8  9 10 11 12 |
---------------+-------------------------------------+-----
Polearms       | 3 4 5 6 7 8 10 11 12 13 14 | 14.8
Armour         | 3 5 6 7 9 |  9.1
Fighting       | 4 6 7 9 10 | 10.2
Invocations    | 4 |  4.0
Throwing       | |  1.7
Dodging        | |  2.6

Action                   |  1- 3 |  4- 6 |  7- 9 | 10-12 || total
-------------------------+-------+-------+-------+-------++-------
Melee: Trident           |   106 |   149 |   124 |    26 ||   405
       Unarmed           |       |     1 |       |       ||     1
       Scythe            |       |       |   188 |   437 ||   625
  Use: Scroll            |       |       |    15 |     4 ||    19
       Potion            |       |       |     4 |     5 ||     9
 Stab: Sleeping          |     2 |       |       |       ||     2
  Eat: Chunk             |     4 |     6 |    13 |    16 ||    39
       Ration            |       |       |     1 |     2 ||     3
Armor: Leather armour    |    17 |       |       |       ||    17
       Ring mail         |     4 |    30 |     4 |       ||    38
       Chain mail        |       |       |    82 |       ||    82
       Plate armour      |       |       |    69 |   261 ||   330
Dodge: Dodged            |    31 |    35 |   106 |   151 ||   323
       Deflected         |       |       |       |     3 ||     3
Block: Other             |       |       |     5 |    81 ||    86

Table legend:
 A = Non-vault XP
 B = Vault XP
 C = Vault XP percentage of total XP
 D = Non-vault monster count
 E = Vault monster count
 F = Vault count percentage of total count
                 A         B        C        D         E       F
            +---------+---------+-------+---------+---------+-------
      Total |   23478 |   12066 |  33.9 |     224 |     163 |  42.1
            +---------+---------+-------+---------+---------+-------
        D:1 |      30 |       0 |   0.0 |      18 |       0 |   0.0
        D:2 |      42 |      25 |  37.3 |      10 |      15 |  60.0
        D:3 |      72 |     410 |  85.1 |      15 |      29 |  65.9
        D:4 |     501 |     250 |  33.3 |      35 |      15 |  30.0
        D:5 |     510 |     179 |  26.0 |      21 |       8 |  27.6
        D:6 |     266 |    1088 |  80.4 |       5 |       3 |  37.5
        D:7 |    1383 |       0 |   0.0 |      25 |       0 |   0.0
        D:8 |    1972 |       0 |   0.0 |      24 |       0 |   0.0
        D:9 |    1318 |    3353 |  71.8 |      13 |      30 |  69.8
     Lair:1 |    6334 |    1690 |  21.1 |      11 |      11 |  50.0
     Lair:2 |    3978 |    1140 |  22.3 |      15 |      21 |  58.3
     Lair:3 |    5209 |    2889 |  35.7 |      24 |      25 |  51.0
     Lair:4 |    1863 |    1042 |  35.9 |       8 |       6 |  42.9
            +---------+---------+-------+---------+---------+-------
